AoeStats
← Kevin Flynn

Black Forest

510629393Analyzed
3v3 RM · 2d ago on Oct 1, 2026· 47m 34s· 6 players
Game mode
Random Map
Map size
Normal (6 player)
Population
200
Speed
Normal
Resources
Standard
Victory
Conquest
Starting age
Dark Age
Ending age
Imperial Age
RankedLock teamsTeams togetherTeam positionsShared explorationLock speedFull tech treeHidden civsTurbo modeCheats
Victory
Defeat
🇦🇷 Italians · Argentina
1020
+14
🇬🇧 Mongols · United Kingdom
995
+15
🇨🇴 Britons · Colombia
993
+15
🇨🇿 Bohemians · Czechia
1222
-23
🇨🇿 Teutons · Czechia
870
-11
🇨🇿 Persians · Czechia
846
-10
TigerTom90
0:27 Loom
10:42 Feudal Age
12:45 Double-Bit Axe
18:08 Castle Age
17:30 Horse Collar
25:56 Gold Mining
25:57 Stone Mining
27:47 Heavy Plow
28:06 Bow Saw
27:52 Fletching
28:35 Padded Archer Armor
28:52 Town Watch
32:44 Wheelbarrow
32:10 Town Patrol
35:08 Imperial Age
33:20 Caravan
33:37 Bodkin Arrow
35:15 Leather Archer Armor
35:45 Gold Shaft Mining
35:01 Stone Mining
35:57 Bloodlines
35:48 Husbandry
37:13 Stone Shaft Mining
37:46 Stone Shaft Mining
37:30 Hand Cart
37:59 Elite Mangudai
39:57 Man-at-Arms
40:37 Squires
40:23 Arson
40:44 Bracer
40:55 Forging
40:45 Scale Mail Armor
41:42 Conscription
41:13 Long Swordsman
42:51 Iron Casting
42:09 Two-Handed Swordsman
43:04 Champion
45:38 Blast Furnace
44:55 Chain Mail Armor
luismjchan
0:27 Loom
11:45 Feudal Age
12:42 Double-Bit Axe
19:03 Castle Age
17:51 Fletching
23:29 Crossbowman
25:39 Bodkin Arrow
28:46 Padded Archer Armor
29:14 Horse Collar
31:21 Ballistics
34:35 Imperial Age
31:52 Elite Skirmisher
34:10 Wheelbarrow
33:31 Town Watch
34:26 Leather Archer Armor
34:26 Gold Mining
36:48 Arbalester
38:58 Bracer
41:52 Chemistry
41:20 Bow Saw
41:23 Caravan
43:28 Onager
45:22 Conscription
45:58 Yeomen
48:16 Ring Archer Armor
fede_400
11:37 Feudal Age
16:36 Castle Age
15:36 Fletching
16:08 Double-Bit Axe
17:27 Horse Collar
21:25 Town Watch
26:50 Padded Archer Armor
28:20 Wheelbarrow
30:28 Hand Cart
36:51 Imperial Age
36:33 Silk Road
38:12 Caravan
39:06 Bodkin Arrow
40:24 Conscription
41:02 Town Patrol
41:18 Bow Saw
41:52 Bracer
42:08 Leather Archer Armor
43:28 Ballistics
44:09 Chemistry
44:14 Elite Genoese Crossbowman
45:40 Ring Archer Armor
46:58 Squires
46:44 Arson
47:14 Forging
47:04 Scale Mail Armor
48:32 Iron Casting
supermaso8970
12:13 Feudal Age
15:00 Horse Collar
15:07 Double-Bit Axe
17:35 Castle Age
17:57 Gold Mining
18:00 Stone Mining
19:54 Stone Shaft Mining
29:43 Padded Archer Armor
29:33 Fletching
41:53 Pikeman
Kevin Flynn
11:42 Feudal Age
13:30 Wheelbarrow
16:06 Double-Bit Axe
21:53 Castle Age
19:39 Loom
22:50 Crossbowman
26:17 Bow Saw
26:10 Elite Skirmisher
34:14 Gold Mining
34:14 Stone Mining
35:33 Pikeman
37:36 Thumb Ring
38:22 Gold Shaft Mining
38:22 Stone Shaft Mining
39:25 Stone Shaft Mining
44:25 Padded Archer Armor
44:16 Fletching
44:27 Scale Mail Armor
44:33 Scale Barding Armor
47:01 Imperial Age
Sharpeer
10:55 Feudal Age
13:03 Loom
15:37 Castle Age
15:45 Double-Bit Axe
15:45 Horse Collar
18:07 Wheelbarrow
23:39 Pikeman
24:31 Scale Mail Armor
24:41 Forging
27:15 Hand Cart
26:46 Town Watch
28:33 Fletching
28:43 Padded Archer Armor
28:33 Elite Skirmisher
29:11 Bodkin Arrow
37:32 Imperial Age
36:32 Chemistry
35:53 Ballistics
36:43 Chain Mail Armor
37:04 Iron Casting
37:19 Bow Saw
37:12 Heavy Plow
40:31 Halberdier
41:45 Plate Mail Armor
42:15 Blast Furnace
Connection lost

Rejoining the realm…

Still unreachable

The connection could not be restored.

Session expired

The server has moved on; the page needs a fresh start.